AoeStats
← Kenny

Arabia

508062222Analyzed
2v2 RM · 11d ago on Sep 20, 2026· 45m 22s· 4 players
Game mode
Random Map
Map size
Medium (4 player)
Population
200
Speed
Normal
Resources
Standard
Victory
Conquest
Starting age
Dark Age
Ending age
Imperial Age
RankedLock teamsTeams togetherTeam positionsShared explorationLock speedFull tech treeHidden civsTurbo modeCheats
Victory
Defeat
🇫🇮 Lithuanians · Finland
863
+14
🇫🇮 Inca · Finland
859
+14
🇦🇷 Franks · Argentina
930
-18
🇦🇷 Mongols · Argentina
709
-10
Sniper-sama
10:39 Feudal Age
10:53 Champi Runner
14:26 Arson
17:13 Loom
27:54 Castle Age
26:27 Scale Mail Armor
27:58 Forging
29:21 Champi Warrior
30:48 Double-Bit Axe
33:40 Bow Saw
33:52 Horse Collar
34:38 Heavy Plow
36:11 Chain Mail Armor
37:00 Padded Archer Armor
40:39 Iron Casting
40:51 Fletching
40:34 Pikeman
44:21 Bodkin Arrow
Lentävä Sirkkeli
6:05 Loom
9:19 Feudal Age
13:03 Bloodlines
18:27 Scale Barding Armor
23:47 Castle Age
22:05 Double-Bit Axe
22:12 Gold Mining
22:48 Horse Collar
24:10 Forging
26:53 Pikeman
30:03 Wheelbarrow
31:13 Chain Barding Armor
35:20 Iron Casting
38:56 Hand Cart
39:36 Stone Mining
39:58 Bow Saw
40:18 Scale Mail Armor
43:22 Chain Mail Armor
48:15 Imperial Age
Güemes ⚔
5:12 Loom
10:43 Feudal Age
12:26 Double-Bit Axe
12:44 Horse Collar
17:51 Man-at-Arms
30:21 Bloodlines
Kenny
12:18 Feudal Age
12:32 Loom
15:39 Loom
20:10 Castle Age
26:41 Scale Barding Armor
41:58 Pikeman
Connection lost

Rejoining the realm…

Still unreachable

The connection could not be restored.

Session expired

The server has moved on; the page needs a fresh start.